 Dungeon Crawl Stone Soup version 0.24.0-125-gc4c63601f3 (webtiles) character file.

Game seed: 10352916019710944647, levelgen mode: deterministic

929 Johnny the Spear-Bearer (level 7, 0/56 HPs)
             Began as a Demigod Gladiator on Feb 17, 2020.
             Shot with an arrow by a centaur (8 damage)
             ... on level 6 of the Dungeon.
             The game lasted 00:03:45 (4181 turns).

Johnny the Spear-Bearer (Demigod Gladiator)         Turns: 4181, Time: 00:03:46

Health: 0/56       AC: 11    Str: 21    XL:     7   Next: 55%
Magic:  9/9        EV:  9    Int: 12    God:
Gold:   260        SH:  0    Dex: 17    Spells: 6/6 levels left

rFire    . . .     SeeInvis .   a - +0 trident
rCold    . . .     Gourm    .   (no shield)
rNeg     . . .     Faith    .   o - +0 chain mail (curse)
rPois    .         Spirit   .   c - +0 helmet
rElec    .         Reflect  .   g - +1 cloak
rCorr    .         Harm     .   (no gloves)
MR       .....                  (no boots)
Stlth    ..........             (no amulet)
HPRegen  0.18/turn              (no ring)
MPRegen  0.11/turn              (no ring)

@: no status effects
A: high mp 1
a: no special abilities


You were on level 6 of the Dungeon.
You were very hungry.

You visited 1 branch of the dungeon, and saw 7 of its levels.

You collected 299 gold pieces.
You spent 39 gold pieces at shops.

Inventory:

Hand Weapons
 a - a +0 trident (weapon)
Missiles
 d - 3 throwing nets (quivered)
Armour
 c - a +0 helmet (worn)
 g - a +1 cloak (worn)
 o - a cursed +0 chain mail (worn)
Jewellery
 v - an uncursed ring of wizardry {unknown}
Scrolls
 e - 4 scrolls of remove curse {unknown}
 h - 8 scrolls of identify {unknown}
 i - 3 scrolls of fog {unknown}
 j - 4 scrolls of amnesia {unknown}
 q - 2 scrolls of noise {unknown}
 r - 2 scrolls of random uselessness {unknown}
 s - 3 scrolls of magic mapping {unknown}
 u - 5 scrolls of teleportation {unknown}
 x - 2 scrolls of immolation {unknown}
 z - a scroll of blinking {unknown}
 A - a scroll of fear {unknown}
Potions
 b - 2 potions of agility {unknown}
 k - a potion of ambrosia
 l - a potion of heal wounds
 m - 3 potions of degeneration
 n - a potion of lignification {unknown}
 p - a potion of invisibility {unknown}
 t - a potion of cancellation {unknown}
 w - 4 potions of curing
 B - a potion of brilliance {unknown}
 C - a potion of might {unknown}
Comestibles
 f - 7 rations


   Skills:
 + Level 2.7 Fighting
 + Level 8.4 Polearms
 - Level 1.7 Throwing
 - Level 2.6 Dodging


You had 6 spell levels left.
You didn't know any spells.
Your spell library was empty.

Dungeon Overview and Level Annotations

Branches:
Dungeon (7/15)             Temple (0/1) D:7

Shops:
D:4 *

Annotations:
D:5 3 runed translucent doors, tamionv's ghost, novice GrFi


Innate Abilities, Weirdness & Mutations

You have an increased reservoir of magic. (+10% MP)


Message History

Evoke which item? (* to show all) (? for menu, Esc to quit)
Aiming: Enslavement
Press: ? - help, Shift-Dir - straight line The centaur resists with some effort.
The centaur wields a +0 shortbow.
The centaur shoots an arrow.
The arrow barely misses you.
Unknown command.
Evoke which item? (* to show all) (? for menu, Esc to quit)
Aiming: Enslavement
Press: ? - help, Shift-Dir - straight line The worker ant zombie is charmed.
The now-empty wand crumbles to dust.
The centaur shoots an arrow.
The arrow hits you.
* * * LOW HITPOINT WARNING * * *
The orc barely misses you.
The centaur shoots an arrow.
The arrow hits you.
* * * LOW HITPOINT WARNING * * *
Unknown command.
Unknown command.
The centaur shoots an arrow.
The arrow barely misses your worker ant zombie.
The arrow hits you!
You die...

#..........
#.........#
#...c.....#
#.........#
#...%.....##
#..<.......##
#....Z....)##.
#..$@.#......
#####(.......
#o(.##..# #{.##
#..# ##..### .
#o....##
.(..##o###..####
........>........


You could see a centaur, an orc and a friendly worker ant zombie.

Vanquished Creatures
  Sigmund (D:3)
  An ice beast (D:5)
  2 sky beasts (D:5)
  An ogre (D:4)
  A water moccasin skeleton (D:4)
  A howler monkey (D:4)
  An orc wizard (D:3)
  An orc priest (D:7)
  2 iguanas
  7 adders
  3 gnolls (D:3)
  An adder zombie (D:4)
  3 adder skeletons (D:4)
  3 worms
  4 dart slugs
  4 orcs (D:3)
  A ball python (D:1)
  9 bats
  2 giant cockroaches
  17 goblins
  2 hobgoblins
  7 jackals (D:3)
  5 kobolds
  A quokka (D:3)
  A ball python skeleton (D:4)
  3 frilled lizards
  A quokka skeleton (D:4)
  7 rats
92 creatures vanquished.

Vanquished Creatures (collateral kills)
  2 orcs
2 creatures vanquished.

Vanquished Creatures (others)
  A hound (D:7)
  A centaur skeleton (D:6)
  4 toadstools (D:1)
6 creatures vanquished.

Grand Total: 100 creatures vanquished

Notes
Turn   | Place    | Note
-------+----------+-------------------------------------------
     0 | D:1      | Johnny the Demigod Gladiator began the quest for the Orb.
     0 | D:1      | Reached XP level 1. HP: 17/17 MP: 3/3
     9 | D:1      | Reached skill level 3 in Polearms
   125 | D:1      | Reached XP level 2. HP: 23/24 MP: 4/4
   624 | D:1      | Reached XP level 3. HP: 29/29 MP: 5/5
   833 | D:2      | Found a shimmering blue altar of Sif Muna.
   869 | D:2      | Reached skill level 4 in Polearms
  1355 | D:2      | Found a hide-covered altar of Uskayaw.
  1378 | D:2      | Found a shimmering altar of Xom.
  1624 | D:3      | Reached XP level 4. HP: 36/36 MP: 6/6
  1690 | D:3      | Reached skill level 5 in Polearms
  1860 | D:3      | Noticed Sigmund
  1930 | D:4      | Reached XP level 5. HP: 6/41 MP: 7/7
  2153 | D:4      | Found Zopp's General Store.
  2155 | D:4      | Bought a potion of curing for 39 gold pieces
  2203 | D:4      | Noticed an ogre
  2230 | D:4      | Killed an ogre
  2230 | D:4      | Reached skill level 6 in Polearms
  2495 | D:4      | Reached XP level 6. HP: 41/48 MP: 8/8
  2718 | D:4      | Found a white marble altar of Elyvilon.
  3170 | D:3      | Killed Sigmund
  3170 | D:3      | Reached skill level 7 in Polearms
  3444 | D:5      | Entered Level 5 of the Dungeon
  3505 | D:5      | Reached XP level 7. HP: 38/53 MP: 9/9
  3653 | D:5      | Reached skill level 8 in Polearms
  3859 | D:5      | Noticed tamionv's ghost (novice GrFi)
  3866 | D:5      | Found a runed translucent gate.
  3866 | D:5      | Found a runed translucent gate.
  3866 | D:5      | Found a runed translucent gate.
  4053 | D:5      | You fall into a shaft and drop 2 floors!
  4062 | D:7      | Found a staircase to the Ecumenical Temple.
  4181 | D:6      | Shot with an arrow by a centaur

Levels and vault maps discovered:
D:1:      ldierk_walled_garden_2, layout_basic
D:2:      layout_loops_ring, grunt_temple_overflow_open,
          minmay_misc_feat_ornament
D:3:      layout_basic, uniq_sigmund
D:4:      layout_basic, elyvilon_altar_3, serial_shops, shop, first_ration
D:5:      layout_loops_corners, lemuel_round_altar, gammafunk_ghost_split,
          serial_shops, nicolae_shop_temple_entry_statues_fountains,
          kennysheep_small_square
D:6:      layout_rooms, grunt_gozag_breadcrumbs, nicolae_dithmenos_the_darkroom
D:7:      layout_basic, lightli_temple_of_fire, minmay_temple_entry_large_hall,
          the_bakery

Skill      XL: |  1  2  3  4  5  6  7 |
---------------+----------------------+-----
Polearms       | 3 4 5 6 7 8 |  8.4
Fighting       | 2 |  2.7
Throwing       | |  1.7
Dodging        | |  2.6

Action                   |  1- 3 |  4- 6 |  7- 9 || total
-------------------------+-------+-------+-------++-------
Melee: Trident           |   135 |   209 |    52 ||   396
Evoke: Wand              |       |       |     6 ||     6
  Use: Potion            |       |     3 |       ||     3
 Stab: Sleeping          |     3 |       |       ||     3
  Eat: Chunk             |     2 |     2 |     2 ||     6
       Ration            |       |     1 |       ||     1
Armor: Leather armour    |    14 |       |       ||    14
       Chain mail        |    48 |    82 |    15 ||   145
Dodge: Dodged            |    63 |    78 |    20 ||   161
